 Dungeon Crawl Stone Soup version 0.19.0-19-g8c6edcc (webtiles) character file.

58 HungrySpirit the Skirmisher (level 4, -3/40 HPs)
             Began as a Hill Orc Wanderer on Nov 15, 2016.
             Slain by a sky beast (5 damage)
             ... on level 2 of the Dungeon.
             The game lasted 00:02:42 (1828 turns).

HungrySpirit the Skirmisher (Hill Orc Wanderer)     Turns: 1828, Time: 00:02:43

Health: -3/40      AC: 10    Str: 15    XL:     4   Next: 1%
Magic:  4/4        EV:  4    Int: 13    God:
Gold:   144        SH:  0    Dex:  9    Spells: 0 memorised, 3 levels left

rFire  . . .     SeeInvis .     a - +2 dagger
rCold  . . .     Gourm    .     m - +0 plate armour
rNeg   . . .     Faith    .     (no shield)
rPois  .         Spirit   .     (no helmet)
rElec  .         Reflect  .     (no cloak)
rCorr  .         Harm     .     (no gloves)
MR     +....                    (no boots)
Stlth  ..........               (no amulet)
                                (no ring)
                                g - ring of protection from magic

@: no status effects
A: no striking features
a: no special abilities


You were on level 2 of the Dungeon.
You were very hungry.

You visited 1 branch of the dungeon, and saw 3 of its levels.

You collected 144 gold pieces.

Inventory:

Hand Weapons
 a - a +2 dagger (weapon)
Armour
 m - a +0 plate armour (worn)
Jewellery
 g - a ring of protection from magic (left hand)
Wands
 d - a wand of random effects (15/48)
Scrolls
 c - a scroll of teleportation
 e - a scroll of enchant weapon {unknown}
 h - a scroll of magic mapping {unknown}
 j - 2 scrolls of identify {unknown}
 l - a scroll of enchant armour {unknown}
Comestibles
 f - 3 bread rations
 i - a beef jerky


   Skills:
 * Level 3.6 Fighting
 + Level 1.3 Short Blades
   Level 1.7 Staves
 - Level 2.4 Dodging
 - Level 1.5 Stealth
   Level 1.1 Shields
 - Level 1.1 Unarmed Combat
 - Level 1.0 Evocations


You had 3 spell levels left.
You didn't know any spells.

Dungeon Overview and Level Annotations

Branches:
Dungeon (3/15)

Altars:
Gozag


Message History

The sky beast is severely wounded.
The sky beast barely misses you.
You closely miss the sky beast.
The sky beast is severely wounded.
The sky beast hits you.
* * * LOW HITPOINT WARNING * * *
The sky beast shocks you.
* * * LOW HITPOINT WARNING * * *
You hit the sky beast.
The sky beast is severely wounded.
The sky beast hits you but does no damage.
You closely miss the sky beast.
The sky beast is severely wounded.
The sky beast hits you but does no damage.
You hit the sky beast but do no damage.
The sky beast is severely wounded.
The sky beast hits you.
* * * LOW HITPOINT WARNING * * *
The sky beast shocks you.
You die...

.......#...........#####.#
.......#......)..........#
.......##########...######
.......# #...# ......)#
#...# ##.##### ##..### #(#
#.>..#
##.###############.####
...........#....@Yb#
.#.#######.#.#######
.#.........#.#
.###########.#
.............#
##############


You could see a sky beast and a bat.

Vanquished Creatures
  5 dart slugs (D:1)
  4 leopard geckos
  3 giant cockroaches
  2 goblins (D:1)
  7 hobgoblins
  5 jackals
  4 kobolds
  3 bats
  4 frilled lizards
  2 rats
39 creatures vanquished.

Notes
Turn   | Place    | Note
-------+----------+-------------------------------------------
     0 | D:1      | HungrySpirit the Hill Orc Wanderer began the quest for the Orb.
     0 | D:1      | HungrySpirit set off with: a +2 dagger, a potion of heal wounds, a scroll of teleportation, a wand of random effects (15/48), a +0 robe, a bread ration
     0 | D:1      | Reached XP level 1. HP: 14/14 MP: 1/1
   116 | D:1      | Reached skill level 1 in Fighting
   357 | D:1      | Reached XP level 2. HP: 24/24 MP: 2/2
   395 | D:1      | Reached skill level 2 in Fighting
   409 | D:1      | Reached skill level 1 in Short Blades
   466 | D:1      | Reached XP level 3. HP: 15/30 MP: 3/3
  1016 | D:2      | Reached skill level 3 in Fighting
  1548 | D:2      | Found an opulent altar of Gozag.
  1662 | D:2      | Reached XP level 4. HP: 31/40 MP: 4/4
  1775 | D:3      | Noticed a sky beast
  1828 | D:2      | HP: 2/40 [sky beast (2)]
  1828 | D:2      | Slain by a sky beast

Skill      XL: |  1  2  3 |
---------------+----------+-----
Fighting       | 1 2 3 |  3.6
Short Blades   | 1 |  1.3
Staves         | |  1.7
Dodging        | |  2.4
Stealth        | |  1.5
Shields        | |  1.1
Unarmed Combat | |  1.1
Evocations     | |  1.0

Action                   |  1- 3 |  4- 6 || total
-------------------------+-------+-------++-------
Melee: Dagger            |   192 |    48 ||   240
  Use: Potion            |       |     2 ||     2
 Stab: Sleeping          |     1 |       ||     1
  Eat: Chunk             |     2 |       ||     2
Armor: Robe              |    15 |       ||    15
       Ring mail         |    28 |       ||    28
       Leather armour    |     1 |       ||     1
       Plate armour      |       |    32 ||    32
Dodge: Dodged            |    92 |     6 ||    98
